 Dungeon Crawl Stone Soup version 0.21.1-1-g345015f (webtiles) character file.

31037 Fang the Cleaver (level 13, -14/127 HPs)
             Began as a Gargoyle Berserker on July 26, 2018.
             Was an Elder of Trog.
             Demolished by a komodo dragon (20 damage)
             ... on level 6 of the Lair of Beasts.
             The game lasted 00:23:33 (18610 turns).

Fang the Cleaver (Gargoyle Berserker)              Turns: 18610, Time: 00:23:34

Health: -14/127    AC: 16    Str: 31    XL:     13   Next: 55%
Magic:  4/4        EV: 15    Int: 12    God:    Trog [****..]
Gold:   814        SH:  5    Dex: 12    Spells: 12/12 levels left

rFire    . . .     SeeInvis .   I - +3 executioner's axe (antimagic)
rCold    . . .     Gourm    .   (shield currently unavailable)
rNeg     + . .     Faith    .   D - +1 robe of the Republic {+Blink Dex+3}
rPois    ∞         Spirit   .   (no helmet)
rElec    +         Reflect  +   (no cloak)
rCorr    .         Harm     .   f - +2 pair of gloves
MR       .....                  (no boots)
Stlth    ..........             n - +5 amulet of reflection
HPRegen  0.31/turn              b - ring of stealth
MPRegen  0.09/turn              w - +4 ring of intelligence

@: berserking, starving, very quick
A: negative energy resistance 1, electricity resistance, unbreathing,
petrification resistance, rot immunity, AC +9
a: Berserk, Trog's Hand, Brothers in Arms, Burn Spellbooks, Renounce Religion,
Evoke Blink


You were on level 6 of the Lair of Beasts.
You worshipped Trog.
Trog was greatly pleased with you.
You were starving.

You visited 3 branches of the dungeon, and saw 18 of its levels.
You also visited: Ossuary.

You collected 814 gold pieces.

Inventory:

Hand Weapons
 a - a +4 hand axe
 E - a +0 battleaxe of chopping
 I - a +3 antimagic executioner's axe (weapon)
Armour
 f - a +2 pair of gloves (worn)
 r - a +1 leather armour of magic resistance
 B - a +1 scale mail of cold resistance
 D - the +1 robe of the Republic (worn) {+Blink Dex+3}
   (You found it on level 3 of the Lair of Beasts)

   It affects your dexterity (+3).
   It lets you blink.
Jewellery
 b - a ring of stealth (left hand)
 n - a +5 amulet of reflection (around neck)
 w - a +4 ring of intelligence (right hand)
 y - an uncursed ring of protection from fire
 H - an uncursed amulet of the gourmand {unknown}
Wands
 i - a wand of acid (18)
 q - a wand of clouds (11)
 x - a wand of disintegration (30)
 F - a wand of iceblast (8)
 G - a wand of paralysis (11)
Scrolls
 d - 7 scrolls of remove curse
 h - 2 scrolls of fear
 l - 9 scrolls of teleportation
 s - 2 scrolls of fog
 z - 2 scrolls of identify
Potions
 e - 3 potions of curing
 g - a potion of heal wounds
 j - 2 potions of resistance
 k - 4 potions of agility
 m - 3 potions of cancellation
 o - 2 potions of might
 p - 3 potions of brilliance
 t - 2 potions of flight
 u - 2 potions of ambrosia
 v - a potion of invisibility
 A - 2 potions of magic
 C - 2 potions of haste
Comestibles
 c - 28 rations


   Skills:
 + Level 11.9 Fighting
 + Level 14.3 Axes
 + Level 10.2 Armour
 + Level 6.9 Dodging
 + Level 4.0 Stealth


You had 12 spell levels left.
You didn't know any spells.

Dungeon Overview and Level Annotations

Branches:
Dungeon (11/15)            Temple (1/1) D:7            Lair (6/6) D:8
 Shoals (0/4) Lair:4        Snake (0/4) Lair:4        Slime (0/5) Lair:5
    Orc: D:9-12

Altars:
Ashenzari
Cheibriados
Dithmenos
Elyvilon
Fedhas
Gozag
Hepliaklqana
Kikubaaqudgha
Makhleb
Nemelex Xobeh
Okawaru
Qazlal
Ru
Sif Muna
Trog
Uskayaw
Vehumet
Wu Jian
Xom
Yredelemnul
Zin
The Shining One
Jiyva

Shops:
D:8 (   D:9 =

Annotations:
Lair:1 exclusion: 2 oklob plants


Innate Abilities, Weirdness & Mutations

You are resistant to torment.
Your stone body is resilient. (AC +9)
You are immune to poison.
You resist negative energy. (rN+)
You are resistant to electric shocks. (rElec)
You can survive without breathing.
You are immune to petrification.
You are immune to rotting.


Message History

The komodo dragon bites your ogre! The water moccasin misses you.
Your ogre hits the water moccasin with a giant club!
The teleport trap disappears.
The water moccasin disappears!
Your ogre hits the water moccasin with a giant club!!!
The water moccasin dies!
Trog accepts your kill.
You slash the komodo dragon!
The komodo dragon is lightly wounded.
The komodo dragon bites you!
* * * LOW HITPOINT WARNING * * *
The komodo dragon hisses menacingly.
The komodo dragon closely misses you.
Your ogre hits the komodo dragon with a giant club!
A red film seems to cover your vision as you go berserk!
You feel yourself moving faster!
You feel mighty!
You are starving!
Your ogre barely misses the komodo dragon.
The komodo dragon bites you!!
You die...

.. ........#P....
...##........P....
...#..............
..................
##......P.........
......##.....#.#
.......#..§...# ..
#.#.....@.#..
...##.#...Ol#.....P
...#.#......P....#.
##...?..†..........
#....#.............
....#...#..........
...P.........#.....
............###...
#.......<....#


You could see a komodo dragon and a friendly ogre (berserk).

Vanquished Creatures
  A hydra (Lair:2)
  Erica (D:8)
  2 two-headed ogres
  4 death yaks (Lair:5)
  The ghost of Mavenl the Blocker, a novice GnFi of Nemelex Xobeh (D:10)
  Urug (D:10)
  Pikel (D:7)
  6 elephants
  2 black mambas (Lair:3)
  A merfolk siren (Lair:4)
  A torpor snail (Lair:3)
  9 spiny frogs
  2 rime drakes
  7 komodo dragons
  The ghost of dawnmantle the Skirmisher, an amateur MiBe of Trog (D:3)
  A merfolk (Lair:4)
  A hornet (D:10)
  3 dream sheep (Lair:3)
  6 hippogriffs
  19 yaks
  A human (D:9)
  4 hogs (D:9)
  3 fire bats (Lair:4)
  A hungry ghost (D:9)
  A steam dragon (D:8)
  A basilisk (D:8)
  Edmund (D:6)
  2 nagas (Lair:4)
  6 water moccasins
  Duvessa (D:5)
  10 porcupines
  2 phantoms
  4 slaves (D:7)
  3 ice beasts
  4 sky beasts
  3 ogres
  14 wolves
  7 centaurs
  10 crocodiles
  A gnoll sergeant (D:10)
  10 bullfrogs
  Dowan (D:5)
  A water moccasin zombie (Ossuary)
  4 scorpions
  5 killer bees (D:9)
  3 wights (D:9)
  A howler monkey (D:9)
  2 crimson imps
  2 orc priests
  6 hounds
  4 jellies
  A bullfrog zombie (D:9)
  2 bullfrog skeletons
  An orc wizard (D:6)
  8 worker ants
  A gnoll shaman (D:9)
  A big kobold zombie (Ossuary)
  2 mummies (Ossuary)
  A howler monkey zombie (D:10)
  8 adders
  25 gnolls
  12 white imps (Lair:3)
  5 adder zombies
  An ooze (D:1)
  3 adder skeletons
  6 worms
  2 dart slugs (D:3)
  6 leopard geckos
  16 orcs
  8 giant cockroaches
  3 gnoll zombies (Ossuary)
  7 hobgoblins
  9 jackals
  8 kobolds
  2 quokkas (D:2)
  2 ball pythons (D:1)
  11 bats
  8 frilled lizards
  7 goblins
  9 hobgoblin zombies (Ossuary)
  6 kobold zombies (Ossuary)
  2 leopard gecko skeletons
  7 orc zombies (Ossuary)
  12 rats
  3 fungi
  A plant (Lair:5)
394 creatures vanquished.

Vanquished Creatures (collateral kills)
  2 hydras
  A merfolk siren (Lair:4)
  A komodo dragon (Lair:1)
  A merfolk (Lair:4)
  A hippogriff (Lair:1)
  A basilisk (Lair:3)
  A water moccasin (Lair:6)
  3 wolves (Lair:1)
  A crocodile (Lair:1)
  A butterfly (Lair:1)
13 creatures vanquished.

Vanquished Creatures (others)
  3 fungi
  2 plants (Lair:1)
5 creatures vanquished.

Grand Total: 412 creatures vanquished

Notes
Turn   | Place    | Note
-------+----------+-------------------------------------------
     0 | D:1      | Fang the Gargoyle Berserker began the quest for the Orb.
     0 | D:1      | Reached XP level 1. HP: 14/14 MP: 1/1
   373 | D:1      | Reached XP level 2. HP: 19/19 MP: 2/2
   401 | D:1      | Reached skill level 3 in Axes
   821 | D:1      | Reached XP level 3. HP: 20/24 MP: 3/3
   989 | D:1      | Reached ** piety under Trog
  1554 | D:2      | Found an opulent altar of Gozag.
  1633 | D:2      | Reached XP level 4. HP: 23/29 MP: 4/4
  2027 | D:2      | Found a sparkling altar of Nemelex Xobeh.
  2173 | D:3      | Noticed dawnmantle's ghost (amateur MiBe)
  2185 | D:3      | Killed dawnmantle's ghost
  2185 | D:3      | Reached skill level 4 in Axes
  2185 | D:3      | Reached XP level 5. HP: 34/34 MP: 5/5
  2185 | D:3      | Reached XP level 6. HP: 39/39 MP: 6/6
  2968 | D:3      | Reached *** piety under Trog
  3005 | D:4      | Found a snail-covered altar of Cheibriados.
  3026 | D:4      | Reached skill level 5 in Axes
  3120 | D:4      | Noticed a phantom
  3156 | D:4      | Noticed a moth of wrath
  3158 | D:4      | Found a bloodstained altar of Trog.
  3230 | D:4      | Killed a phantom
  3230 | D:4      | Reached XP level 7. HP: 18/44 MP: 7/7
  3542 | D:4      | Reached skill level 5 in Fighting
  3871 | D:5      | Entered Level 5 of the Dungeon
  3903 | D:5      | Reached skill level 6 in Axes
  3903 | D:5      | Reached skill level 5 in Armour
  3903 | D:5      | Reached XP level 8. HP: 41/49 MP: 8/8
  4069 | D:5      | Noticed Duvessa
  4071 | D:5      | Noticed Dowan
  4090 | D:5      | Killed Duvessa
  4104 | D:5      | Killed Dowan
  5290 | D:6      | Found a sand-covered staircase.
  5302 | D:6      | Reached skill level 7 in Axes
  5321 | Ossuary  | Entered an ossuary
  5342 | Ossuary  | Reached **** piety under Trog
  5664 | D:6      | Found a white marble altar of Elyvilon.
  5673 | D:6      | Reached XP level 9. HP: 56/56 MP: 9/9
  6007 | D:6      | Found an ornate altar of the Wu Jian Council.
  6100 | D:6      | Noticed Edmund
  6138 | D:6      | Killed Edmund
  6470 | D:7      | Noticed Pikel
  6489 | D:7      | Killed Pikel
  6489 | D:7      | Reached skill level 8 in Axes
  6489 | D:7      | Reached skill level 1 in Stealth
  6984 | D:7      | Found a staircase to the Ecumenical Temple.
  7008 | D:7      | Reached ***** piety under Trog
  7343 | D:7      | Found an ancient bone altar of Kikubaaqudgha.
  7490 | Temple   | Entered the Ecumenical Temple
  7649 | D:8      | Noticed Erica
  7688 | D:8      | Killed Erica
  7688 | D:8      | Reached skill level 9 in Axes
  7688 | D:8      | Reached XP level 10. HP: 18/64 MP: 10/10
  7691 | D:8      | HP: 1/64 [steam dragon] (9)]
  7892 | D:8      | Found a staircase to the Lair.
  7892 | D:8      | Noticed an elephant
  7906 | D:8      | Killed an elephant
  8130 | D:8      | Noticed a two-headed ogre
  8141 | D:8      | Killed a two-headed ogre
  8141 | D:8      | Reached skill level 10 in Axes
  8460 | D:8      | Found Feul's Weapon Boutique.
  9020 | D:9      | Found Deagoryur's Jewellery Boutique.
  9404 | D:9      | Found a blossoming altar of Fedhas.
  9607 | D:9      | Reached XP level 11. HP: 69/69 MP: 11/11
  9875 | D:9      | Reached skill level 11 in Axes
  9947 | D:9      | Received a gift from Trog
  9951 | D:9      | Found a radiant altar of Vehumet.
  9951 | D:9      | Found a shimmering altar of Xom.
  9952 | D:9      | Found an iron altar of Okawaru.
 10123 | D:10     | Entered Level 10 of the Dungeon
 10182 | D:10     | Noticed Urug
 10211 | D:10     | Killed Urug
 10347 | D:10     | Noticed Mavenl's ghost (novice GnFi)
 10517 | D:10     | Killed Mavenl's ghost
 10880 | D:10     | Noticed a two-headed ogre
 10894 | D:10     | Killed a two-headed ogre
 11337 | Lair:1   | Entered Level 1 of the Lair of Beasts
 11532 | Lair:1   | Reached skill level 12 in Axes
 11986 | Lair:1   | Reached skill level 5 in Dodging
 12119 | Lair:1   | Reached skill level 10 in Fighting
 12127 | Lair:1   | Reached XP level 12. HP: 77/77 MP: 12/12
 12293 | Lair:1   | Noticed an eight-headed hydra
 12310 | Lair:1   | Killed an eight-headed hydra
 13614 | Lair:2   | Noticed a six-headed hydra
 13641 | Lair:2   | Killed a 19-headed hydra
 14653 | Lair:3   | Reached skill level 13 in Axes
 14675 | Lair:3   | Reached skill level 10 in Armour
 14867 | Lair:3   | Found a frozen archway.
 14888 | Lair:3   | Received a gift from Trog
 15071 | Lair:3   | Got a dull robe
 15082 | Lair:3   | Identified the cursed +1 robe of the Republic {+Blink Dex+3} (You found it on level 3 of the Lair of Beasts)
 15735 | Lair:4   | Found a staircase to the Snake Pit.
 16110 | Lair:4   | Found a dark tunnel.
 16213 | Lair:4   | Reached XP level 13. HP: 78/84 MP: 13/13
 16218 | Lair:4   | Received a gift from Trog
 16509 | Lair:4   | Found a staircase to the Shoals.
 16528 | Lair:4   | HP: 3/84 [merfolk/trident (6)]
 16529 | Lair:4   | HP: 1/84 [merfolk/trident (3)]
 17473 | Lair:5   | Reached skill level 14 in Axes
 17771 | Lair:5   | Found a viscous altar of Jiyva.
 17771 | Lair:5   | Found a staircase to the Slime Pits.
 18332 | Lair:6   | Entered Level 6 of the Lair of Beasts
 18609 | Lair:6   | HP: 4/85 [komodo dragon (17)]
 18610 | Lair:6   | Demolished by a komodo dragon

Skill      XL: |  1  2  3  4  5  6  7  8  9 10 11 12 13 |
---------------+----------------------------------------+-----
Axes           | 3 4 5 6 7 9 10 12 13 14 | 14.3
Fighting       | 4 5 6 7 8 10 11 | 11.9
Armour         | 3 4 5 6 7 8 9 10 | 10.2
Dodging        | 2 3 4 5 6 |  6.9
Stealth        | 1 2 3 4 |  4.0

Action                   |  1- 3 |  4- 6 |  7- 9 | 10-12 | 13-15 || total
-------------------------+-------+-------+-------+-------+-------++-------
Melee: Hand axe          |   165 |   178 |   637 |   740 |       ||  1720
       Battleaxe         |       |       |       |    43 |     6 ||    49
       Executioner's axe |       |       |       |       |    91 ||    91
Invok: Berserk           |       |     2 |     7 |    16 |     5 ||    30
       Brothers in Arms  |       |       |     1 |     4 |     3 ||     8
       Burn Spellbooks   |       |       |       |     3 |       ||     3
  Use: Scroll            |       |       |    19 |     9 |     1 ||    29
       Potion            |       |       |     1 |     2 |     4 ||     7
 Stab: Sleeping          |       |       |       |     1 |     1 ||     2
  Eat: Chunk             |     2 |     7 |    14 |    26 |     5 ||    54
       Ration            |       |       |     2 |     6 |     2 ||    10
Armor: Animal skin       |    62 |       |       |       |       ||    62
       Scale mail        |    23 |    94 |   238 |   325 |       ||   680
       Robe              |       |       |       |    27 |    53 ||    80
Dodge: Dodged            |   132 |   101 |   250 |   425 |    79 ||   987
Block: Other             |       |     7 |   147 |   153 |    29 ||   336
       Reflection        |       |       |     2 |     4 |       ||     6
